cohdb
Replays
Latest Replays
All Replays
Popular Replays
Top Player Replays
Match Explorer
How It Works
Community
CoH3 Stats
Reddit
Sign in to upload your games and track your stats! →
Sign in with Steam
Match 38796917
Unlisted
Match 38796917
Overview
Messages
Build Orders
End
Kradschützen Motorcycle Team
Selects Italian Infantry
Panzergrenadier Squad
Panzergrenadier Squad
Construct Light Support Kompanie
MG34 Team
2.5-tonne Medical Truck
Fire Support Elements
Selects Guastatori Squad
Guastatori Squad
Veteran Squad Leaders
Kradschützen Motorcycle Team
Selects Defensive Operations
Construct Panzerarmee Kommand
Pak 38 Mechanized Group
Armored Reserves
759054631
XuZhongwei
0
0
Comments
sign in to comment!
No comments posted yet!